 Dungeon Crawl Stone Soup version 0.25.1-1-g288607f5aa (webtiles) character file.

Game seed: 10999568037742320997

186 sking99 the Skirmisher (level 5, -5/42 HPs)
             Began as a Demonspawn Fighter on June 28, 2020.
             Killed from afar by Blork the orc (9 damage)
             ... with a puff of flame
             ... on level 4 of the Dungeon on July 20, 2020.
             The game lasted 00:03:41 (2912 turns).

sking99 the Skirmisher (Demonspawn Fighter)         Turns: 2912, Time: 00:03:42

Health: -5/42      AC:  6    Str: 17    XL:     5   Next: 38%
Magic:  5/5        EV:  7    Int: 10    God:
Gold:   152        SH:  9    Dex: 12    Spells: 4/4 levels left

rFire    . . .     SeeInvis .   a - +0 flail
rCold    . . .     Gourm    .   c - +0 kite shield
rNeg     . . .     Faith    .   b - +0 scale mail
rPois    .         Spirit   .   (no helmet)
rElec    .         Reflect  .   (no cloak)
rCorr    .         Harm     .   (no gloves)
MR       .....                  (no boots)
Stlth    ..........             (no amulet)
HPRegen  0.14/turn              (no ring)
MPRegen  0.09/turn              (no ring)

@: no status effects
A: talons 2
a: no special abilities


You were on level 4 of the Dungeon.
You were hungry.

You visited 1 branch of the dungeon, and saw 4 of its levels.

You collected 152 gold pieces.

Inventory:

Hand Weapons
 a - a +0 flail (weapon)
Armour
 b - a +0 scale mail (worn)
 c - a +0 kite shield (worn)
Jewellery
 n - a cursed ring of flight {unknown}
 q - an uncursed ring of wizardry {unknown}
Scrolls
 e - 2 scrolls of teleportation {unknown}
 g - 6 scrolls of identify {unknown}
 j - 4 scrolls of remove curse {unknown}
 k - 2 scrolls of random uselessness {unknown}
 m - 2 scrolls of amnesia {unknown}
 o - a scroll of fear {unknown}
 p - a scroll of magic mapping {unknown}
Potions
 d - a potion of might
 h - a potion of heal wounds {unknown}
 l - a potion of degeneration {unknown}
Comestibles
 f - 8 rations


   Skills:
 + Level 3.8 Fighting
 * Level 3.5 Maces & Flails
 + Level 3.4 Armour
 + Level 3.4 Shields


You had 4 spell levels left.
You didn't know any spells.
Your spell library contained the following spells:

 Spells                   Type           Power        Failure   Level  Hunger
 Magic Dart               Conj           #...         99%         1    ##.....
 Searing Ray              Conj           #.....       100%        2    ###....
 Dazzling Flash           Conj/Hex       #.....       100%        3    ####...
 Fulminant Prism          Conj/Hex       #.........   100%        4    #####..
 Iskenderun's Mystic Bla  Conj/Tloc      #.......     100%        4    #####..


Dungeon Overview and Level Annotations

Branches:
Dungeon (4/15)
 Temple: D:4-7

Altars:

Annotations:
D:3 2 transporters, funkygono's ghost, amateur DECj
D:4 Blork the orc


Innate Abilities, Weirdness & Mutations

You have razor-sharp toenails.


Message History

You barely miss Blork the orc.
You claw Blork the orc, but do no damage.
Blork the orc is severely wounded.
Blork the orc hits you with a +0 mace.
* * * LOW HITPOINT WARNING * * *
Blork the orc hits you with a +0 mace.
* * * LOW HITPOINT WARNING * * *
You sock Blork the orc!
Blork the orc is almost dead.
You are feeling hungry.
Blork the orc hits you with a +0 mace.
* * * LOW HITPOINT WARNING * * *
Blork the orc hits you with a +0 mace.
* * * LOW HITPOINT WARNING * * *
You hit Blork the orc.
Blork the orc is almost dead.
You block Blork the orc's attack.
Blork the orc points at you and mumbles some strange words.
The puff of flame hits you!
You die...

.#### #.)..
#.... ##
##...# #.#
#....##.####.
#............
#..<$.....<
##.........
#@.#######.
#.o.## #..##
#.# .# .# ..
##


You could see Blork the orc (fast).

Vanquished Creatures
  An ogre (D:3)
  An orc wizard (D:3)
  2 adders (D:2)
  A worm (D:3)
  A leopard gecko (D:2)
  5 orcs (D:3)
  A ball python (D:1)
  6 bats
  2 giant cockroaches
  6 goblins
  7 hobgoblins
  A quokka (D:3)
  3 frilled lizards
  2 kobolds (D:1)
  5 rats
44 creatures vanquished.

Notes
Turn   | Place    | Note
-------+----------+-------------------------------------------
     0 | D:1      | sking99 the Demonspawn Fighter began the quest for the Orb.
     0 | D:1      | Reached XP level 1. HP: 18/18 MP: 1/1
   136 | D:1      | Gained mutation: You have sharp toenails. [demonic
                  | ancestry]
   136 | D:1      | Reached XP level 2. HP: 12/24 MP: 2/2
   817 | D:2      | Reached XP level 3. HP: 10/29 MP: 3/3
  1877 | D:2      | Upgraded the game from 0.25.0-15-gac7dcb8919 to
                  | 0.25.1-1-g288607f5aa
  1920 | D:3      | Found a transporter.
  1922 | D:3      | Found a transporter.
  1922 | D:3      | Noticed funkygono's ghost (amateur DECj)
  1923 | D:3      | Noticed a necrophage
  2222 | D:3      | Reached XP level 4. HP: 23/35 MP: 4/4
  2614 | D:3      | Noticed an ogre
  2619 | D:3      | Killed an ogre
  2619 | D:3      | Gained mutation: You have razor-sharp toenails. [demonic
                  | ancestry]
  2619 | D:3      | Reached XP level 5. HP: 42/42 MP: 5/5
  2894 | D:4      | Noticed Blork the orc
  2912 | D:4      | Killed from afar by Blork the orc

Illustrated notes

Levels and vault maps discovered:
D:1:      elethiomel_arrival_infinity_welcomes_careful_drivers, layout_rooms,
          minmay_pentomino_u2
D:2:      layout_basic, first_ration
D:3:      layout_basic, gammafunk_ghost_mausoleum
D:4:      layout_layer_cave, kennysheep_generic_room_12, uniq_blork_the_orc

Skill      XL: |  1  2  3 |
---------------+----------+-----
Maces & Flails | 2 3 |  3.5
Armour         | 3 |  3.4
Shields        | 3 |  3.4
Fighting       | |  3.8

Action                   |  1- 3 |  4- 6 || total
-------------------------+-------+-------++-------
Melee: Flail             |   133 |    26 ||   159
       Kick              |    21 |     8 ||    29
  Eat: Chunk             |     4 |     2 ||     6
Armor: Scale mail        |    58 |     3 ||    61
Dodge: Dodged            |    52 |     6 ||    58
Block: Kite shield       |    71 |     9 ||    80
